 Dungeon Crawl Stone Soup version 0.28-a0-1199-gef9e1dbd39 (webtiles) character file.

Game seed: 14590696830027063893

184 Peloso the Covered (level 5, -9/47 HPs)
             Began as a Minotaur Fighter on Dec 19, 2021.
             Mangled by a gnoll (10 damage)
             ... on level 3 of the Dungeon.
             The game lasted 00:03:57 (2614 turns).

Peloso the Covered (Minotaur Fighter)               Turns: 2614, Time: 00:03:57

Health: -9/47      AC:  9    Str: 21    XL:     5   Next: 36%
Magic:  4/4        EV:  8    Int:  5    God:
Gold:   118        SH:  5    Dex: 11    Spells: 4/4 levels left

rFire   . . .      SeeInvis .   a - +0 long sword
rCold   . . .      Faith    .   c - +0 buckler
rNeg    . . .      Spirit   .   i - +0 chain mail
rPois   .          Reflect  .   (helmet restricted)
rElec   .          Harm     .   (no cloak)
rCorr   .          Rampage  .   (no gloves)
Will    .....                   (no boots)
Stlth   ..........              (no amulet)
HPRegen 0.15/turn               (no ring)
MPRegen 0.09/turn               (no ring)

@: mighty
A: horns 2, retaliatory headbutt
a: no special abilities


You were on level 3 of the Dungeon.
You visited 1 branch of the dungeon, and saw 4 of its levels.

You collected 118 gold pieces.

Inventory:

Hand Weapons
 a - a +0 long sword (weapon)
Armour
 b - a +0 scale mail
 c - a +0 buckler (worn)
 i - a +0 chain mail (worn)
Scrolls
 e - a scroll of fog {unknown}
 g - a scroll of enchant armour {unknown}
 h - 3 scrolls of teleportation {unknown}
 l - a scroll of identify {unknown}
Potions
 f - a potion of brilliance {unknown}
 j - a potion of mutation {unknown}
 k - a potion of curing
 m - 2 potions of flight {unknown}


   Skills:
 + Level 4.5 Fighting
 + Level 4.1 Long Blades
 + Level 4.9 Armour
 + Level 0.3 Dodging
 + Level 4.7 Shields


You had 4 spell levels left.
You didn't know any spells.
Your spell library contained the following spells:

 Spells                   Type           Power      Damage    Failure   Level
 Gell's Gravitas          Tloc           0%         N/A       100%        3
 Teleport Other           Tloc           0%         N/A       100%        3
 Dispersal                Tloc           0%         N/A       100%        6


Dungeon Overview and Level Annotations

Branches:
Dungeon (4/15)
 Temple: D:4-7

Altars:


Innate Abilities, Weirdness & Mutations

You have a pair of horns on your head.
You reflexively headbutt those who attack you in melee.


Message History

The gnoll barely misses you. The gnoll hits you but does no damage.
Your chain mail prevents you from hitting the gnoll.
You headbutt the gnoll!
The gnoll is severely wounded.
You block the gnoll's attack. x2
You slash the gnoll!
You kill the gnoll!
The gnoll hits you but does no damage.
The gnoll hits you from afar with a +0 halberd.
The gnoll hits you with a +0 spear.
Things that are here:
a +0 flail; a gnoll corpse You closely miss the gnoll.
You headbutt the gnoll.
The gnoll is almost dead.
The gnoll hits you from afar with a +0 halberd.
A gnoll comes into view. It is wielding a +0 halberd.
The gnoll hits you with a +0 spear!
You barely miss the gnoll.
The gnoll is almost dead.
The gnoll shouts!
The gnoll hits you from afar with a +0 halberd.
You block the gnoll's attack. The gnoll barely misses you. x2
You furiously retaliate!
You headbutt the gnoll!
You kill the gnoll!
You aren't carrying any items that you can evoke.
Unknown command.
It was a potion of curing.
You feel better.
The gnoll hits you from afar with a +0 halberd!
Okay, then.
You feel very mighty all of a sudden. The gnoll barely misses you.
The gnoll hits you with a +0 halberd.
The gnoll hits you from afar with a +0 halberd!
* * * LOW HITPOINT WARNING * * *
You barely miss the gnoll. The gnoll hits you with a +0 halberd.
* * * LOW HITPOINT WARNING * * *
The gnoll closely misses you.
You barely miss the gnoll. The gnoll hits you but does no damage.
The gnoll hits you with a +0 halberd!
You die...

###.##.##.....# ##.#
≈≈≈.
.............###..# ≈≈#
##.##.##......#.#.##.≈≈
≈#
#.............g.......≈
#
#..........####.#.#..#.
#...#.####.# #....#..#
#.###...#.## #g#
#.......# ##
#......†...# #g#
#..<.##.# #.
###..#..##.# #@# ##.#.#
# #. #.....##.# #.##
#..... #..#.###># #..#
###...# #..#. #)######
§§§# ......###..## ○.#
#..........†.#
###..#####..## #..#
...#


You could see 2 gnolls.

Vanquished Creatures
  A hound (D:4)
  2 gnolls (D:3)
  7 adders
  2 worms (D:2)
  2 dart slugs
  6 bats
  3 endoplasms
  3 giant cockroaches (D:1)
  5 goblins
  7 hobgoblins
  3 jackals (D:3)
  9 kobolds
  2 quokkas (D:1)
  6 ball pythons
  3 frilled lizards
  6 rats
67 creatures vanquished.

Vanquished Creatures (others)
  7 fungi (D:2)
  4 plants (D:2)
11 creatures vanquished.

Grand Total: 78 creatures vanquished

Notes
Turn   | Place    | Note
-------+----------+-------------------------------------------
     0 | D:1      | Peloso the Minotaur Fighter began the quest for the Orb.
     0 | D:1      | Reached XP level 1. HP: 19/19 MP: 0/0
   275 | D:1      | Reached XP level 2. HP: 27/27 MP: 1/1
  1245 | D:2      | Reached XP level 3. HP: 33/33 MP: 2/2
  1724 | D:2      | Reached XP level 4. HP: 41/41 MP: 3/3
  1736 | D:2      | Found a faded altar of an unknown god.
  1997 | D:2      | You fall into a shaft and drop 2 floors!
  2153 | D:3      | Reached XP level 5. HP: 42/47 MP: 4/4
  2613 | D:3      | HP: 1/47 [gnoll (3)]
  2614 | D:3      | Mangled by a gnoll

Illustrated notes

Levels and vault maps discovered:
D:1:      dpeg_arrival_water_fire, layout_basic
D:2:      layout_loops_corners, shapermc_ecumenical_altar_mp_urbaneastern
D:3:      layout_loops_ring, kennysheep_slug_shrine, lemuel_flame_loot_1
D:4:      layout_loops_ring, mainiacjoe_overflow_alcove_4, gammafunk_ghost_grave

Skill      XL: |  1  2  3  4  5 |
---------------+----------------+-----
Fighting       | 4 |  4.5
Armour         | 4 |  4.9
Shields        | 4 |  4.7
Long Blades    | 3 4 |  4.1
Dodging        | |  0.3

Action                   |  1- 3 |  4- 6 || total
-------------------------+-------+-------++-------
Melee: Long sword        |    70 |    58 ||   128
       Headbutt          |    14 |    11 ||    25
  Use: Potion            |       |     2 ||     2
Armor: Scale mail        |    16 |       ||    16
       Chain mail        |    29 |    24 ||    53
Dodge: Dodged            |    39 |    29 ||    68
Block: Buckler           |    17 |    14 ||    31

Table legend: (Time is in decaauts)
 A = Elapsed time spent in this place.
 B = Non-inter-level travel time spent in this place.
 C = Inter-level travel time spent in this place.
 D = Time resting spent in this place.
 E = Time spent auto-exploring this place.
 F = Levels seen in this place.
 G = Mean time per level.
                   A        B        C        D        E       F      G
               +--------+--------+--------+--------+--------+-----+--------+
         Total |   2644 |   2352 |    292 |      0 |   1862 |   4 |  661.0 |
       Dungeon |   2644 |   2352 |    292 |      0 |   1862 |   4 |  661.0 |
               +--------+--------+--------+--------+--------+-----+--------+

Top non-repeatable levels by time:
     D:1: 1226 daAuts
     D:2: 1071 daAuts
     D:3: 252 daAuts
     D:4: 94 daAuts
